AoeStats
← Severus

MegaRandom

505772297Analyzed
4v4 RM · 19d ago on Sep 11, 2026· 42m 7s· 8 players
Game mode
Random Map
Map size
Large (8 player)
Population
200
Speed
Normal
Resources
Standard
Victory
Conquest
Starting age
Dark Age
Ending age
Imperial Age
RankedLock teamsTeams togetherTeam positionsShared explorationLock speedFull tech treeHidden civsTurbo modeCheats
Victory
Defeat
🇺🇸 Bengalis · United States
1202
+14
🇺🇸 Teutons · United States
1201
+14
🇧🇷 Malay · Brazil
1153
+16
🇭🇰 Huns · Hong Kong SAR China
1135
+18
🇪🇸 Aztecs · Spain
1168
-16
🇸🇻 Magyars · El Salvador
1162
-16
🇭🇳 Maya · Honduras
1162
-16
🇲🇽 Romans · Mexico
1127
-14
Sniper_Wolf
10:28 Loom
12:14 Feudal Age
10:45 Loom
10:53 Loom
12:40 Feudal Age
17:26 Wheelbarrow
19:13 Castle Age
17:22 Scale Barding Armor
17:31 Bloodlines
17:49 Double-Bit Axe
17:51 Horse Collar
18:10 Gold Mining
18:39 Forging
21:02 Bow Saw
21:52 Husbandry
22:14 Chain Barding Armor
22:30 Iron Casting
23:07 Gold Shaft Mining
29:17 Fletching
31:06 Hand Cart
30:38 Town Watch
37:37 Imperial Age
35:13 Heavy Plow
38:43 Conscription
37:47 Elite Centurion
38:00 Heavy Scorpion
38:53 Siege Engineers
39:49 Chemistry
39:00 Masonry
40:19 Blast Furnace
39:54 Plate Barding Armor
40:19 Blast Furnace
40:00 Plate Barding Armor
39:34 Murder Holes
40:01 Cavalier
MZTK | JONVI
0:47 Loom
10:44 Feudal Age
11:13 Double-Bit Axe
13:59 Scale Mail Armor
14:09 Forging
16:08 Town Watch
16:22 Arson
22:24 Castle Age
24:06 Iron Casting
24:14 Squires
24:29 Pikeman
26:39 Fervor
27:24 Chain Mail Armor
27:50 Eagle Warrior
34:18 Imperial Age
32:09 Bow Saw
33:38 Wheelbarrow
34:50 Onager
36:15 Elite Eagle Warrior
38:28 Plate Mail Armor
38:58 Blast Furnace
38:42 Fletching
Severus
9:37 Loom
11:58 Feudal Age
16:26 Castle Age
16:17 Wheelbarrow
15:34 Double-Bit Axe
17:04 Horse Collar
20:22 Fervor
21:38 Fishing Lines
28:13 Bow Saw
29:36 Husbandry
31:01 Bloodlines
32:37 Scale Barding Armor
34:01 Gold Mining
34:01 Stone Mining
34:43 Corvinian Army
35:49 Chain Barding Armor
36:15 Gold Shaft Mining
41:23 Imperial Age
39:10 Hand Cart
40:34 Heavy Plow
41:24 Fletching
44:49 Imperial Age
Panamation
10:12 Loom
12:28 Feudal Age
17:36 Castle Age
15:42 Double-Bit Axe
18:55 Crossbowman
20:09 Bow Saw
26:03 Medium Warships
27:55 Wheelbarrow
27:43 Fletching
27:54 Padded Archer Armor
28:59 Gold Mining
29:00 Stone Mining
28:53 Horse Collar
31:39 Bodkin Arrow
32:11 Thumb Ring
33:14 Leather Archer Armor
38:45 Imperial Age
37:07 Hand Cart
39:15 Arbalester
40:06 Elite Skirmisher
41:25 Stone Shaft Mining
41:12 Ballistics
41:53 Chemistry
41:04 Fortified Wall
41:08 Caravan
jc_lucas_01
10:02 Feudal Age
10:32 Double-Bit Axe
17:15 Castle Age
15:15 Horse Collar
16:29 Gold Mining
16:36 Fishing Lines
18:11 Bow Saw
18:03 Heavy Plow
19:25 Fervor
19:19 Gillnets
22:14 Wheelbarrow
23:54 Bloodlines
23:53 Scale Barding Armor
31:13 Imperial Age
29:22 Forging
29:03 Fletching
31:20 Ironclad
31:53 Chain Barding Armor
32:09 Iron Casting
32:59 Conscription
32:04 Capped Ram
32:34 Cavalier
33:51 Onager
35:33 Chemistry
34:36 Paladin
36:14 Plate Barding Armor
36:37 Loom
37:08 Hand Cart
38:03 Town Watch
38:23 Bodkin Arrow
39:28 Blast Furnace
42:06 Block Printing
41:56 Devotion
42:40 Town Patrol
Fs. Ô FOKA
7:36 Loom
10:03 Feudal Age
11:17 Double-Bit Axe
15:21 Horse Collar
20:23 Castle Age
19:22 Gold Mining
20:43 Bow Saw
21:30 Man-at-Arms
22:19 Long Swordsman
25:00 Scale Barding Armor
25:05 Forging
28:05 Squires
27:51 Arson
29:04 Gold Shaft Mining
27:55 Crossbowman
29:29 Heavy Plow
33:39 Imperial Age
31:45 Wheelbarrow
32:31 Ballistics
32:46 Thumb Ring
32:48 Fletching
32:58 Padded Archer Armor
33:35 Iron Casting
33:10 Stone Mining
33:13 Town Watch
33:09 Arbalester
34:33 Bodkin Arrow
34:53 Leather Archer Armor
35:47 Chemistry
34:57 Masonry
36:44 Hand Cart
36:30 Town Patrol
37:45 Bracer
38:15 Ring Archer Armor
39:40 Stone Shaft Mining
41:33 Forced Levy
41:37 Thalassocracy
41:58 Conscription
43:26 Blast Furnace
42:31 Scale Barding Armor
小兵兵兵
4:16 Loom
11:32 Feudal Age
11:58 Horse Collar
12:05 Double-Bit Axe
16:57 Wheelbarrow
19:52 Castle Age
19:50 Gold Mining
20:47 Bow Saw
22:10 Scale Barding Armor
22:25 Bloodlines
22:15 Husbandry
23:13 Chain Barding Armor
23:03 Forging
25:55 Heavy Plow
32:53 Imperial Age
32:20 Iron Casting
33:05 Cavalier
34:39 Plate Barding Armor
34:02 Man-at-Arms
36:11 Blast Furnace
36:12 Hand Cart
35:42 Town Watch
36:56 Guilds
37:38 Man-at-Arms
38:19 Squires
38:21 Scale Mail Armor
38:05 Paladin
39:19 Ballistics
40:00 Chemistry
38:52 Fletching
41:04 Gold Shaft Mining
40:20 Stone Mining
40:50 Town Patrol
41:20 Sanctity
41:20 Fervor
41:33 Caravan
NewbieNoobster
11:05 Feudal Age
9:24 Loom
16:40 Castle Age
18:03 Wheelbarrow
20:55 Sanctity
27:22 Medium Warships
27:46 Pikeman
28:55 Fishing Lines
29:33 Squires
29:52 Scale Mail Armor
30:56 Chain Mail Armor
32:18 Arson
32:44 Fletching
33:43 Bodkin Arrow
33:48 Padded Archer Armor
35:14 Ballistics
35:46 Leather Archer Armor
39:26 Scale Barding Armor
39:34 Bloodlines
39:24 Husbandry
44:53 Imperial Age
Connection lost

Rejoining the realm…

Still unreachable

The connection could not be restored.

Session expired

The server has moved on; the page needs a fresh start.